 Dungeon Crawl Stone Soup version 0.20.0-10-g0535bb4 (webtiles) character file.

152 Manul the Skirmisher (level 5, -7/38 HPs)
             Began as an Octopode Abyssal Knight on June 5, 2017.
             Was a Follower of Lugonu.
             Mangled by a raiju (10 damage)
             ... on level 1 of the Abyss.
             The game lasted 00:00:55 (324 turns).

Manul the Skirmisher (Octopode Abyssal Knight)       Turns: 324, Time: 00:00:56

Health: -7/38      AC:  1    Str: 12    XL:     5   Next: 34%
Magic:  6/6        EV: 14    Int: 14    God:    Lugonu [*.....]
Gold:   0          SH:  0    Dex: 12    Spells: 4/4 levels left

rFire    . . .     SeeInvis .   a - +1 short sword
rCold    . . .     Gourm    .   (no shield)
rNeg     . . .     Faith    .   (helmet restricted)
rPois    .         Spirit   .   (no amulet)
rElec    .         Reflect  .   (no ring)
rCorr    .         Harm     .   (no ring)
MR       .....                  (no ring)
Stlth    ++........             (no ring)
Regen    0.2/turn               (no ring)
MPRegen  0.1/turn               (no ring)
                                (no ring)
                                (no ring)

@: no status effects
A: almost no armour, stealthy swim, amphibious, 8 rings, constrict 8, camouflage
1, gelatinous body 1
a: Depart the Abyss, Renounce Religion


You were on level 1 of the Abyss.
You worshipped Lugonu.
Lugonu was aware of your devotion.
You were not hungry.

You visited 0 branches of the dungeon, and saw 0 of its levels.
You visited the Abyss 1 time.

Inventory:

Hand Weapons
 a - a +1 short sword (weapon)
Comestibles
 b - a bread ration


   Skills:
 + Level 4.5 Fighting
 + Level 2.5 Short Blades
 + Level 3.8 Dodging
 + Level 0.8 Stealth
 + Level 2.2 Invocations


You had 4 spell levels left.
You didn't know any spells.

Dungeon Overview and Level Annotations

Branches:
Dungeon (0/15)

Altars:


Innate Abilities, Weirdness & Mutations

You cannot wear most types of armour.
You are very stealthy in the water. (Stealth+)
You are amphibious.
You can wear up to eight rings at the same time.
You can use your tentacles to constrict eight enemies at once.
Your skin changes colour to match your surroundings (Stealth+).
Your rubbery body absorbs attacks. (AC +1, EV +1)


Message History

Your experience leads to an increase in your attributes!
Increase (S)trength, (I)ntelligence, or (D)exterity?
You feel agile.
You have reached level 4!
You have reached level 5!
You feel stronger.
The substance of the Abyss twists violently, and a gateway leading out appears!
The chaos spawn grows dozens of eye stalks in order to get a better look at you.
You aren't carrying any potions.
You aren't carrying any spellbooks or scrolls.
Found 9 gold pieces.
A raiju comes into view.
The raiju bursts into living lightning!
The living lightning hits you!
* * * LOW HITPOINT WARNING * * *
The raiju blinks! x2
You closely miss the raiju. You grab the raiju. You squeeze the raiju.
The raiju is lightly wounded.
You constrict the raiju. The raiju bites you!
You die...

......##..# .. ####..
... .. #ยง #.#..# .#
.##.# #..
....#..####..# ...
...........##### ...
. #. ..4........###.#
#.#.#.# .....## ...
#...#...#..#.#..#h#.#
##### .#.#.##..#@..#
#..#.#..##.$4####
..#...#.###.....#
###.#.......##.###
######.#. #.. ..##.#
#.# .... .#. ..#
....#. . .# .#
###.#.#. .# #.


You could see a raiju and a chaos spawn.

Vanquished Creatures
  A ynoxinul (Abyss:1)
  A white imp (Abyss:1)
2 creatures vanquished.

Notes
Turn   | Place    | Note
-------+----------+-------------------------------------------
     0 | Abyss:1  | Manul the Octopode Abyssal Knight began the quest for the Orb.
     0 | Abyss:1  | Reached XP level 1. HP: 16/16 MP: 2/2
    37 | Abyss:1  | Found a corrupted altar of Lugonu.
    41 | Abyss:1  | Noticed a small abomination
   169 | Abyss:1  | Reached XP level 2. HP: 12/21 MP: 3/3
   238 | Abyss:1  | Noticed a wretched star
   269 | Abyss:1  | Noticed a hell knight
   282 | Abyss:1  | Noticed a ynoxinul
   287 | Abyss:1  | Noticed a chaos spawn
   292 | Abyss:1  | Killed a ynoxinul
   292 | Abyss:1  | Reached skill level 4 in Fighting
   292 | Abyss:1  | Reached XP level 3. HP: 9/27 MP: 4/4
   292 | Abyss:1  | Reached XP level 4. HP: 11/34 MP: 5/5
   292 | Abyss:1  | Reached XP level 5. HP: 12/38 MP: 6/6
   323 | Abyss:1  | Noticed a raiju
   324 | Abyss:1  | Mangled by a raiju

Skill      XL: |  1  2 |
---------------+-------+-----
Fighting       | 4 |  4.5
Dodging        | 3 |  3.8
Short Blades   | |  2.5
Stealth        | |  0.8
Invocations    | |  2.2

Action                   |  1- 3 |  4- 6 || total
-------------------------+-------+-------++-------
Melee: Short sword       |    12 |     1 ||    13
       Constrict         |     2 |     1 ||     3
       Tentacles         |     2 |     1 ||     3
Dodge: Dodged            |    12 |       ||    12
